 Dungeon Crawl Stone Soup version 0.28.0 (webtiles) character file.

Game seed: 14230396618085639287

75788 Hasart the Summoner (level 14, -16/111 HPs)
             Began as a Demigod Conjurer on Feb 9, 2022.
             Killed from afar by Jorgrun (64 damage)
             ... with an iron shot
             ... on level 13 of the Dungeon.
             The game lasted 01:38:59 (31531 turns).

Hasart the Summoner (Demigod Conjurer)             Turns: 31531, Time: 01:39:00

Health: -16/111    AC: 13    Str:  8    XL:     14   Next: 69%
Magic:  27/40      EV: 12    Int: 47    God:
Gold:   3325       SH:  5    Dex: 15    Spells: 8/30 levels left

rFire   + . .      SeeInvis .   w - staff of poison
rCold   . . .      Faith    .   S - +0 buckler
rNeg    + . .      Spirit   .   k - +0 ring mail of Vemytim {rF+ rN+ Will+++ Int+2}
rPois   +          Reflect  .   a - +1 hat {Int+3}
rElec   .          Harm     .   (no cloak)
rCorr   .          Rampage  .   Q - +2 pair of gloves {Dex+3}
Will    ++++.                   x - +1 pair of boots
Stlth   +.........              n - amulet of magic regeneration
HPRegen 0.28/turn               c - ring of magical power
MPRegen 0.67/turn               e - +6 ring of intelligence

@: about to teleport
A: high MP 1, forlorn, divine attributes
a: no special abilities


You were on level 13 of the Dungeon.
You visited 3 branches of the dungeon, and saw 21 of its levels.
You also visited: Gauntlet.

You collected 4193 gold pieces.
You spent 868 gold pieces at shops.

Inventory:

Missiles
 f - 4 throwing nets
Armour
 a - a +1 hat of intelligence (worn)
 k - the +0 ring mail of Vemytim (worn) {rF+ rN+ Will+++ Int+2}
   (You found it on level 2 of the Dungeon)

   Int:       It affects your intelligence (+2).
   rF:        It protects you from fire.
   rN:        It protects you from negative energy.
   Will:      It greatly increases your willpower.
 q - a +0 troll leather armour
 x - a +1 pair of boots (worn)
 O - the +1 ring mail of the Other Side {rElec}
   (You bought it in a shop on level 2 of the Orcish Mines)

   rElec:     It insulates you from electricity.
 Q - a +2 pair of gloves of dexterity (worn)
 S - a +0 buckler (worn)
Magical Staves
 w - a staff of poison (weapon)
Jewellery
 c - a ring of magical power (left hand)
 d - a ring of positive energy
 e - a +6 ring of intelligence (right hand)
 n - an amulet of magic regeneration (around neck)
 s - the ring "Cestrij" {Ice Will- Dex+6 SInv Stlth+}
   (You found it in a Gauntlet)

   [ring of ice]

   It enhances your ice magic.
   Dex:       It affects your dexterity (+6).
   rF:        It makes you vulnerable to fire.
   rC:        It protects you from cold.
   SInv:      It lets you see invisible.
   Will:      It decreases your willpower.
   Stlth:     It makes you more stealthy.
 J - a ring of fire
 K - a ring of magical power
 N - a ring of protection from cold
Wands
 v - a wand of acid (6)
 y - a wand of iceblast (34)
 H - a wand of digging (3)
 I - a wand of paralysis (5)
Scrolls
 l - 6 scrolls of teleportation
 p - 3 scrolls of fear
 t - 3 scrolls of enchant weapon
 A - a scroll of summoning
 C - 3 scrolls of fog
 E - 2 scrolls of identify
 L - a scroll of enchant armour
Potions
 g - 5 potions of lignification
 h - 8 potions of curing
 i - 2 potions of flight
 j - 6 potions of heal wounds
 m - 4 potions of brilliance
 o - 2 potions of attraction
 r - 3 potions of berserk rage
 u - a potion of invisibility
 z - 4 potions of might
 B - 2 potions of magic
 D - 5 potions of mutation
 F - a potion of ambrosia
Miscellaneous
 T - a condenser vane
 U - a tin of tremorstones (2/2)


   Skills:
 + Level 6.3 Fighting
 + Level 3.1 Staves
 + Level 6.3 Armour
 + Level 6.3 Dodging
 - Level 1.7 Stealth
 + Level 3.1 Shields
 + Level 8.5 Spellcasting
 + Level 10.8 Conjurations
 - Level 7.0 Hexes
 * Level 11.1 Summonings
 - Level 7.0 Air Magic
 - Level 5.0 Poison Magic
 + Level 8.5 Evocations


You had 8 spell levels left.
You knew the following spells:

 Your Spells              Type           Power      Damage    Failure   Level
b - Searing Ray           Conj           100%       2d8       1%          2
c - Fulminant Prism       Conj/Hex       40%        3d20      1%          4
d - Summon Cactus Giant   Summ           45%        N/A       7%          6
e - Iskenderun's Mystic   Conj/Tloc      63%        2d13      4%          4
f - Mephitic Cloud        Conj/Pois/Air  95%        N/A       1%          3
q - Swiftness             Air            72%        N/A       1%          3

Your spell library contained the following spells:

 Spells                   Type           Power      Damage    Failure   Level
 Magic Dart               Conj           100%       1d8       1%          1
 Shock                    Conj/Air       100%       1d9       1%          1
 Summon Small Mammal      Summ           100%       N/A       1%          1
 Call Imp                 Summ           90%        N/A       1%          2
 Corpse Rot               Necr/Air       100%       N/A       1%          2
 Poisonous Vapours        Pois/Air       100%       N/A       1%          2
 Static Discharge         Conj/Air       80%        N/A       1%          2
 Dazzling Flash           Conj/Hex       100%       N/A       1%          3
 Summon Guardian Golem    Hex/Summ       81%        N/A       1%          3
 Tukima's Dance           Hex            72%        N/A       1%          3
 Airstrike                Air            36%        N/A       2%          4
 Animate Skeleton         Necr           38%        N/A       4%          1
 Apportation              Tloc           38%        N/A       4%          1
 Beastly Appendage        Tmut           38%        N/A       4%          1
 Pain                     Necr           76%        1d7       4%          1
 Spider Form              Tmut/Pois      60%        N/A       4%          3
 Flame Wave               Conj/Fire      63%        2d12      4%          4
 Sticky Flame             Conj/Fire      63%        2d8       4%          4
 Scorch                   Fire           38%        2d7       7%          2
 Wereblood                Tmut           19%        N/A       7%          2
 Silence                  Hex/Air        36%        N/A       7%          5
 Anguish                  Hex/Necr       26%        N/A       11%         4
 Vampiric Draining        Necr           19%        2d7       14%         3
 Spellforged Servitor     Conj/Summ      44%        N/A       38%         7
 Dispel Undead            Necr           19%        3d11      41%         4
 Orb of Destruction       Conj           44%        9d12      41%         7
 Agony                    Necr           19%        N/A       77%         5
 Borgnjor's Vile Clutch   Necr/Erth      9%         N/A       77%         5
 Enfeeble                 Hex            36%        N/A       91%         7
 Summon Horrible Things   Summ           45%        N/A       97%         8
 Death Channel            Necr           9%         N/A       100%        6


Dungeon Overview and Level Annotations

Branches:
Dungeon (13/15)            Temple (0/1) D:6            Lair (6/6) D:8
 Shoals (0/4) Lair:2       Spider (0/4) Lair:3        Slime (0/5) Lair:6
    Orc (2/2) D:11            Elf (0/3) Orc:2        Vaults (0/5) D:13
Gauntlet (visited)

Shops:
D:1 *   D:6 :?!   D:9 *   Orc:1 ?   Orc:2 [[**

Annotations:
D:8 6 transporters
D:13 Jorgrun


Innate Abilities, Weirdness & Mutations

You have an increased reservoir of magic. (+10% MP)
You shall have no god before yourself.
Your divine heritage dramatically boosts your attributes as you level up.


Message History

Unknown command.
The vampire mosquito closely misses you.
The vampire mosquito bites you but does no damage.
The grasping roots constrict you.
Your fulminant prism explodes!
The blast of energy engulfs Jorgrun!!
Jorgrun is lightly wounded.
The blast of energy engulfs the vampire mosquito!!!
You destroy the vampire mosquito!
The blast of energy engulfs your cactus giant!!!
Your cactus giant is severely damaged.
Your cactus giant disappears in a puff of smoke!
You hear a shout!
You hear an angry buzzing noise.
Unknown command.
Unknown command.
Casting: Fulminant Prism (mildly dangerous; 1% risk of failure)
Confirm with . or Enter, or press ? or * to list all spells.
The grasping roots constrict you!
Unknown command.
Unknown command.
You escape the roots' grasp.
Unknown command.
As you read the scroll of fear, it crumbles to dust.
You assume a fearsome visage.
The vault guard resists with some effort.
The fire crab looks frightened!
Jorgrun easily resists.
Jorgrun points at you and mumbles some strange words.
The iron shot hits you!!
Unknown command.
As you read the scroll of teleportation, it crumbles to dust.
You feel strangely unstable. You block Jorgrun's attack.
Unknown command.
Unknown command.
A cyclops comes into view.
The cyclops shouts!
You hear a shout!
Your cactus giant barely misses Jorgrun.
Jorgrun points at you and mumbles some strange words.
The iron shot hits you!!!
Ouch! That really hurt!
You die...

#..##. .####..# ..
....... #..# #....#...#
... ......
##...###.#.##..#######...
.....
.............!..........?
......................C..
#..#.#####.y...........t.
#..# #...............
#.<# #.....gC....>$..
#..# #...p..@........
#..# #...............
#### ################


You could see Jorgrun (ally target), a vault guard, a fire crab (fleeing), a
cyclops, a vampire mosquito and a friendly cactus giant (summoned).

Vanquished Creatures
  A fire dragon (D:12)
  Erolcha (D:11)
  A boulder beetle (Lair:6)
  2 hydras
  3 centaur warriors (D:12)
  An ogre mage (D:12)
  4 two-headed ogres
  Urug (Lair:3)
  A deep elf knight (D:12)
  4 orc high priests (Orc:2)
  Sonja (D:10)
  3 nameless horrors
  An ugly thing (D:9)
  3 deep elf pyromancers
  An orc sorcerer (Orc:2)
  2 cyclopes
  4 manticores
  2 molten gargoyles (Lair:6)
  2 gargoyles (D:12)
  A hellion (Gauntlet)
  A torpor snail (Lair:4)
  2 kobold demonologists
  An unseen horror (D:11)
  A freezing wraith (D:12)
  5 rime drakes (Lair:2)
  2 komodo dragons
  A meliai (D:12)
  6 trolls
  8 blink frogs
  A meliai zombie (D:10)
  3 slime creatures
  A centaur simulacrum (D:12)
  A shadow (D:12)
  A culicivora (Lair:3)
  A wraith (D:12)
  2 wyverns
  2 vampires
  3 basilisks
  24 yaks
  5 steam dragons
  A human (D:11)
  5 vampire mosquitoes
  A swamp worm (Gauntlet)
  A redback (Lair:3)
  A warg (Orc:2)
  6 water moccasins
  A swamp drake (Orc:2)
  4 black bears
  2 ice beasts
  18 orc warriors
  A sky beast (D:6)
  8 ogres
  9 wolves
  5 centaurs
  2 phantoms
  6 bullfrogs
  A scorpion (D:7)
  A wyvern skeleton (D:7)
  3 killer bees (D:8)
  4 electric eels
  9 wights
  5 lava snakes (Lair:6)
  4 howler monkeys
  A crimson imp (Orc:2)
  6 jellies
  3 centaur zombies
  A gnoll shaman (D:4)
  29 orc priests
  7 hounds
  An iron imp (Orc:2)
  A scorpion zombie (D:5)
  Ijyb (D:4)
  2 iguanas
  24 orc wizards
  A howler monkey zombie (D:8)
  11 gnolls
  3 adders
  A shadow imp (Orc:2)
  2 white imps
  An ufetubus (D:7)
  An adder skeleton (D:4)
  A worm (D:2)
  3 dart slugs
  63 orcs
  A ball python (D:1)
  2 endoplasms
  4 giant cockroaches
  10 goblins
  4 hobgoblins
  4 quokkas
  5 bats
  A frilled lizard (D:1)
  3 kobolds
  2 rats
  2 fulminant prisms (D:11)
409 creatures vanquished.

Vanquished Creatures (collateral kills)
  A minotaur (Gauntlet)
  A fire dragon (Lair:6)
  8 hydras
  2 boulder beetles
  A catoblepas (Lair:4)
  A centaur warrior (D:12)
  2 two-headed ogres (D:12)
  A lindwurm (Lair:6)
  A wolf spider (D:12)
  3 ugly things
  7 nameless horrors
  6 black mambas
  4 elephants (Lair:5)
  3 cyclopes
  2 torpor snails
  9 cane toads
  6 rime drakes
  5 komodo dragons
  A wind drake (Lair:2)
  A hornet (Lair:3)
  2 polar bears (Lair:5)
  8 blink frogs
  2 slime creatures (D:12)
  A centaur simulacrum (D:12)
  A culicivora (Lair:3)
  6 basilisks
  2 jumping spiders (Lair:3)
  25 yaks
  4 wyverns
  A human (D:11)
  9 steam dragons
  3 redbacks (Lair:3)
  A vampire mosquito (D:13)
  A swamp worm (Gauntlet)
  5 hell hounds (Lair:6)
  An acid dragon (Lair:2)
  12 water moccasins
  11 wolves
  3 centaurs (Lair:6)
  5 bullfrogs
  3 hell rats (Lair:3)
  2 orc wizards
  5 river rats (Lair:3)
  8 rats (Lair:3)
186 creatures vanquished.

Vanquished Creatures (others)
  A deep elf pyromancer (D:12)
  A hell hound (Gauntlet)
  199 fulminant prisms
  41 fungi
  45 plants
  19 withered plants (Gauntlet)
306 creatures vanquished.

Grand Total: 901 creatures vanquished

Notes
Turn   | Place    | Note
-------+----------+-------------------------------------------
     0 | D:1      | Hasart the Demigod Conjurer began the quest for the Orb.
     0 | D:1      | Reached XP level 1. HP: 14/14 MP: 5/5
   234 | D:1      | Found Ujit's Assorted Antiques.
   992 | D:1      | Reached XP level 2. HP: 20/20 MP: 7/7
   995 | D:1      | Learned a level 2 spell: Searing Ray
  1774 | D:2      | Reached XP level 3. HP: 26/26 MP: 9/9
  1924 | D:2      | Identified the +0 ring mail of Vemytim {rF+ rN+ Will+++
                  | Int+2}
  2904 | D:3      | Identified the +2 scale mail of Squeaky Liberty {Dex+4}
  3136 | D:4      | Reached XP level 4. HP: 34/34 MP: 10/10
  3184 | D:4      | Reached skill level 1 in Armour
  3186 | D:4      | Reached skill level 1 in Fighting
  3387 | D:4      | Reached XP level 5. HP: 37/40 MP: 11/11
  3389 | D:4      | Reached skill level 5 in Conjurations
  3493 | D:4      | Learned a level 4 spell: Fulminant Prism
  3575 | D:4      | Noticed a black bear
  3583 | D:4      | Killed a black bear
  3651 | D:4      | Reached XP level 6. HP: 47/47 MP: 13/13
  3694 | D:4      | Noticed Ijyb
  3711 | D:4      | Killed Ijyb
  4549 | D:5      | Entered Level 5 of the Dungeon
  4568 | D:5      | Reached skill level 1 in Evocations
  4568 | D:5      | Reached XP level 7. HP: 55/55 MP: 12/15
  5293 | D:5      | Reached skill level 1 in Hexes
  5360 | D:1      | Bought a scroll labelled YCUGGA BIHUZU for 25 gold pieces
  5360 | D:1      | Bought a scroll labelled AREWKA EDOXOFA for 25 gold pieces
  5360 | D:1      | Bought a scroll labelled AREWKA EDOXOFA for 25 gold pieces
  5867 | D:6      | Found a staircase to the Ecumenical Temple.
  5902 | D:6      | Reached XP level 8. HP: 53/63 MP: 17/17
  6222 | D:6      | Found Mitaatis's Distillery.
  6236 | D:6      | Found Pydyik's Magic Scroll Boutique.
  6245 | D:6      | Bought a scroll of magic mapping for 35 gold pieces
  6304 | D:6      | Found Axecves's Book Boutique.
  6799 | D:7      | Learned a level 3 spell: Swiftness
  6802 | D:7      | Learned a level 2 spell: Call Imp
  7019 | D:7      | Reached skill level 1 in Summonings
  7164 | D:7      | Reached skill level 1 in Air Magic
  7410 | D:8      | Reached skill level 2 in Summonings
  7410 | D:8      | Reached XP level 9. HP: 38/69 MP: 16/19
  7880 | D:8      | Reached skill level 3 in Summonings
  8193 | D:8      | Reached skill level 5 in Spellcasting
  8407 | D:8      | Found a staircase to the Lair.
  8427 | D:8      | Found a transporter.
  8429 | D:8      | Found a transporter.
  8430 | D:8      | Found a transporter.
  8446 | D:8      | Found a transporter.
  8619 | D:8      | Found a transporter.
  8622 | D:8      | Found a transporter.
  8901 | D:9      | Reached skill level 4 in Summonings
  8969 | D:9      | Found Daarhuq's General Store.
  9040 | D:9      | Noticed a green ugly thing
  9049 | D:9      | Killed a green ugly thing
  9170 | D:9      | Learned a level 4 spell: Iskenderun's Mystic Blast
  9604 | D:10     | Entered Level 10 of the Dungeon
  9628 | D:10     | Reached XP level 10. HP: 59/77 MP: 21/21
  9635 | D:10     | Reached skill level 5 in Summonings
  9694 | D:10     | Noticed Sonja
  9700 | D:10     | Killed Sonja
  9701 | D:10     | Reached skill level 5 in Evocations
 10167 | D:10     | Reached skill level 6 in Summonings
 10392 | D:11     | Noticed a cyclops
 10392 | D:11     | Noticed a manticore
 10457 | D:11     | Reached skill level 5 in Hexes
 10492 | D:11     | Noticed Erolcha
 10860 | D:11     | Found Dubusurgh's Armour Shop.
 10860 | D:11     | Found a staircase to the Orcish Mines.
 10903 | D:11     | Learned a level 3 spell: Mephitic Cloud
 10944 | D:11     | Killed a cyclops
 10955 | D:11     | Killed Erolcha
 10956 | D:11     | Reached XP level 11. HP: 68/82 MP: 15/24
 11085 | D:11     | Reached skill level 1 in Poison Magic
 11089 | D:11     | Noticed a two-headed ogre
 11098 | D:11     | Killed a two-headed ogre
 11590 | Orc:1    | Entered Level 1 of the Orcish Mines
 11673 | Orc:1    | Found Ypoil's Magic Scroll Shop.
 11878 | Orc:2    | Entered Level 2 of the Orcish Mines
 11911 | Orc:1    | Reached skill level 7 in Summonings
 12221 | Orc:2    | Noticed an orc high priest
 12227 | Orc:2    | Killed an orc high priest
 12354 | Orc:2    | Reached skill level 5 in Air Magic
 12436 | Orc:2    | Noticed an orc high priest
 12670 | Orc:2    | Killed an orc high priest
 13019 | Orc:2    | Noticed a deep elf pyromancer
 13028 | Orc:2    | Killed a deep elf pyromancer
 13060 | Orc:2    | Noticed a deep elf pyromancer
 13067 | Orc:2    | Killed a deep elf pyromancer
 13236 | Orc:2    | Noticed an orc high priest
 13248 | Orc:2    | Noticed a soul eater
 13248 | Orc:2    | Killed an orc high priest
 13395 | Orc:2    | Noticed an orc high priest
 13401 | Orc:2    | Killed an orc high priest
 13511 | Orc:2    | Found Purphirgh's Assorted Antiques.
 13511 | Orc:2    | Found Maumosot's Assorted Antiques.
 13512 | Orc:2    | Found Rebofo's Armour Emporium.
 13685 | Orc:2    | Found Rupel's Antique Armour Emporium.
 13738 | Orc:2    | Bought a +1 pair of gloves for 115 gold pieces
 13739 | Orc:2    | Bought a glowing helmet for 292 gold pieces
 13739 | Orc:2    | Bought a bloodstained ring mail for 351 gold pieces
 13739 | Orc:2    | Identified the +1 ring mail of the Other Side {rElec} (You
                  | bought it in a shop on level 2 of the Orcish Mines)
 13995 | Orc:2    | Found a staircase to the Elven Halls.
 14400 | D:12     | Reached skill level 8 in Summonings
 14593 | D:12     | Reached XP level 12. HP: 66/89 MP: 26/26
 14630 | D:12     | Noticed a centaur warrior
 14639 | D:12     | Killed a centaur warrior
 14885 | D:12     | Noticed a centaur warrior
 15169 | D:12     | Noticed a fire dragon
 15178 | D:12     | Noticed a centaur warrior
 15182 | D:12     | Killed a centaur warrior
 15188 | D:12     | Killed a fire dragon
 15529 | D:12     | Noticed an ogre mage
 15534 | D:12     | Killed an ogre mage
 15931 | D:12     | Noticed a seven-headed hydra
 15952 | D:11     | Learned a level 6 spell: Summon Cactus Giant
 16025 | D:12     | Killed a seven-headed hydra
 16826 | D:12     | Killed a centaur warrior
 17434 | D:12     | Noticed a seven-headed hydra
 17440 | D:12     | Killed a seven-headed hydra
 17441 | D:12     | Reached skill level 9 in Summonings
 17844 | D:12     | Noticed a centaur warrior
 17858 | D:12     | Killed a centaur warrior
 18160 | D:12     | Got the Reference Book on Creative Dark Rituals
 18175 | D:12     | Reached XP level 13. HP: 99/99 MP: 28/28
 19118 | D:12     | Identified the +2 pair of boots of Dawn {*Slow rN+ Stlth+}
 19329 | Lair:1   | Entered Level 1 of the Lair of Beasts
 20625 | Lair:2   | Reached skill level 10 in Conjurations
 20723 | Lair:2   | Found a staircase to the Shoals.
 20906 | Lair:2   | Reached skill level 5 in Armour
 20919 | Lair:2   | Reached skill level 5 in Dodging
 21063 | Lair:2   | Reached skill level 5 in Fighting
 21655 | Lair:2   | Identified the +3 chain mail "Vizxoren" {rN+ Str-2 Slay+5
                  | SInv}
 22292 | Lair:3   | Found a hole to the Spider Nest.
 22368 | Lair:3   | Reached skill level 5 in Poison Magic
 22375 | Lair:3   | You fall into a shaft and drop 3 floors!
 22375 | Lair:6   | Entered Level 6 of the Lair of Beasts
 22392 | Lair:6   | Found a gate leading to a gauntlet.
 22402 | Gauntlet | Entered a Gauntlet
 22402 | Gauntlet | Found a transporter.
 22402 | Gauntlet | Found a transporter.
 22402 | Gauntlet | Found a transporter.
 22403 | Gauntlet | Found a transporter.
 22406 | Gauntlet | Found a transporter.
 22454 | Gauntlet | Found a transporter.
 22482 | Gauntlet | Found a transporter.
 22493 | Gauntlet | Found a transporter.
 22503 | Gauntlet | Found a transporter.
 22522 | Gauntlet | Found a transporter.
 22532 | Gauntlet | Found a transporter.
 22551 | Gauntlet | Found a transporter.
 22668 | Gauntlet | Reached skill level 10 in Summonings
 22838 | Gauntlet | Identified the ring "Cestrij" {Ice Will- Dex+6 SInv Stlth+}
 23070 | Gauntlet | Noticed a minotaur
 23215 | Gauntlet | Killed a minotaur
 24146 | Lair:5   | Reached skill level 1 in Shields
 24726 | Lair:5   | Reached skill level 1 in Staves
 24922 | Lair:4   | Reached XP level 14. HP: 107/107 MP: 30/30
 26473 | Lair:3   | Noticed Urug
 26484 | Lair:3   | Killed Urug
 29460 | Lair:6   | Reached skill level 11 in Summonings
 29864 | Lair:6   | Found a staircase to the Slime Pits.
 30319 | Lair:6   | Found a large runed translucent door.
 30320 | Lair:6   | Found a large runed translucent door.
 30970 | D:13     | Found a gate to the Vaults.
 31130 | D:13     | Noticed Jorgrun
 31531 | D:13     | Killed from afar by Jorgrun

Illustrated notes

Levels and vault maps discovered:
D:1:      scummos_arrival_gate, layout_basic, serial_shops,
          nicolae_shop_crystal, chequers_decorated_corner
D:2:      layout_basic, dreamdust_ecumenical_altar_grove, minmay_misc_feat_tower
D:3:      layout_basic, mainiacjoe_overflow_surrounded_room,
          amcnicky_mini_corridor_feature
D:4:      kennysheep_the_goblin_king, layout_gridville, fedhas_altar_3,
          lemuel_coloured_pillars_altar, tso_metal_star, hex_large,
          minmay_quantized
D:5:      layout_loops_cross
D:6:      layout_loops_cross, nicolae_overflow_hidden_temple, temple_doors_e,
          serial_shops, nicolae_shop_window_shopping, nicolae_take_the_stairs,
          nicolae_square_shop
D:7:      layout_rooms, bloody_trog
D:8:      layout_gridville, grunt_temple_overflow_open, grunt_dithmenos_smoke,
          erik_lair_island, st_stairs_12, serial_nicolae_subway,
          nicolae_sub_station_stone, nicolae_sub_station_crystal,
          nicolae_sub_station_metal
D:9:      layout_basic, serial_shops, shop
D:10:     layout_irregular_city, hangedman_abyss_or_decor_slice, uniq_sonja
D:11:     layout_basic, orc_david_3, uniq_erolcha
D:12:     minmay_the_grid_square_5x5_5x5
          [minmay_the_grid_square_5x5_spiral_small,
          minmay_the_grid_square_5x5_tri_point,
          minmay_the_grid_square_5x5_inverted_slash,
          minmay_the_grid_square_5x5_detours, minmay_the_grid_square_5x5_three,
          minmay_the_grid_square_5x5_three_small,
          minmay_the_grid_square_5x5_prize_open, minmay_the_grid_square_5x5_n,
          minmay_the_grid_square_5x5_prize_pseudospiral,
          minmay_the_grid_square_5x5_shuriken,
          minmay_the_grid_square_5x5_fancy_junction,
          minmay_the_grid_square_5x5_moneybag,
          minmay_the_grid_square_5x5_prize_snowflake,
          minmay_the_grid_square_5x5_hollow_slash,
          minmay_the_grid_square_5x5_tie, minmay_the_grid_square_5x5_hourglass,
          minmay_the_grid_square_5x5_prize_gold,
          minmay_the_grid_square_5x5_inner_z,
          minmay_the_grid_square_5x5_prize_itemx, minmay_the_grid_square_5x5_c,
          minmay_the_grid_square_5x5_sharp_hourglass,
          minmay_the_grid_square_5x5_seven,
          minmay_the_grid_square_5x5_tetrominoes,
          minmay_the_grid_square_5x5_almost_minimal,
          minmay_the_grid_square_5x5_three_walls], layout_small_grid,
          okawaru_humans
D:13:     layout_small_grid, lightli_vaults_fourway_checkpoint, serial_shops,
          shop, uniq_jorgrun
Lair:1:   layout_chaotic_city, serial_bayou_pond_b, grunt_megastairs_2
Lair:2:   layout_big_grid, minmay_shoals_entry_beasts, bobbens_dragon_lair_wall
Lair:3:   layout_hall_layers, nicolae_spider_entry_tight_spaces,
          kennysheep_abandoned_house, serial_bayou_shore_a, grunt_megastairs_1,
          serial_bayou_shore_b, serial_bayou_shore_b, uniq_urug
Lair:4:   layout_layer_cave, grunt_megastairs_5, lemuel_fruit_tree
Lair:5:   layout_cave_pods, nicolae_quartered_pool_little, st_stairs_3
Lair:6:   cheibrodos_lair_end_hotspot, layout_regular_city,
          minmay_slime_entry_pillars, gauntlet_entry_generic,
          lemuel_centaur_altar
Orc:1:    layout_caves, serial_shops, nicolae_shop_crystal, lightli_orcish_oven
Orc:2:    st_orc_mages, layout_caves, hangedman_minor_magic

Skill      XL: |  1  2  3  4  5  6  7  8  9 10 11 12 13 14 |
---------------+-------------------------------------------+-----
Spellcasting   | 2 3 4 5 6 7 8 |  8.5
Conjurations   | 4 5 6 7 8 9 10 | 10.8
Dodging        | 2 3 4 5 6 |  6.3
Armour         | 1 2 3 4 5 6 |  6.3
Fighting       | 1 2 3 4 5 6 |  6.3
Evocations     | 1 2 3 4 5 6 7 8 |  8.5
Hexes          | 1 2 4 5 6 7 |  7.0
Summonings     | 2 4 6 8 9 10 11 | 11.1
Air Magic      | 1 3 4 5 6 7 |  7.0
Poison Magic   | 3 4 5 |  5.0
Shields        | 1 3 |  3.1
Staves         | 1 3 |  3.1
Stealth        | |  1.7

Action                   |  1- 3 |  4- 6 |  7- 9 | 10-12 | 13-15 || total
-------------------------+-------+-------+-------+-------+-------++-------
Melee: Flail             |       |     4 |     1 |       |       ||     5
       Staff             |       |       |     4 |    38 |   102 ||   144
       Punch             |       |       |       |       |     1 ||     1
 Cast: Magic Dart        |    72 |    16 |    63 |    45 |       ||   196
       Searing Ray       |     3 |    22 |    58 |    94 |    32 ||   209
       Fulminant Prism   |       |       |    28 |   127 |    46 ||   201
       Mephitic Cloud    |       |       |       |    24 |     7 ||    31
       Summon Cactus Gia |       |       |       |    16 |   119 ||   135
       Iskenderun's Myst |       |       |       |     2 |    16 ||    18
       Call Imp          |       |       |       |     1 |       ||     1
       Swiftness         |       |       |       |       |     3 ||     3
Evoke: Wand              |       |       |     1 |     6 |     3 ||    10
       Condenser vane    |       |       |       |       |     1 ||     1
  Use: Scroll            |       |       |    15 |     4 |    10 ||    29
       Potion            |       |       |       |     1 |       ||     1
Armor: Ring mail         |       |     6 |    26 |    68 |   139 ||   239
       Troll leather arm |       |       |    19 |    19 |       ||    38
Dodge: Dodged            |     3 |     9 |    61 |   104 |   176 ||   353
Block: Buckler           |       |       |       |       |    38 ||    38
